General information
- name: BNet
- type: Ladder team game (AT/RT)
- host: Battle.net
- saver: CATALYST-ENZIME
map: TwilightRuins
- players: 8
- length: 68:15
- speed: Fast
- version: 1.26 W3XP
- replay type: Public
» download(384 KB)
Players
team 1 (loser)

»
tomatenkiller (
red | 32 APM | 2187 actions | 68:13)
10 Death Knight
3 Death Coil
3 Unholy Aura
1 Animate Dead
3 Death Pact
» actions
| Assign group hotkey | 29 | |
| Build / train | 171 | |
| Enter build submenu | 68 | |
| Enter hero's abilities submenu | 10 | |
| Remove unit from queue | 22 | |
| Right click | 1051 | |
| Select / deselect | 641 | |
| Select group hotkey | 40 | |
| Use ability | 154 | |
2187 total
» units
| Acolyte | 86 | |
| Ghoul | 8 | |
| Crypt Fiend | 19 | |
| Obsidian Statue | 2 | |
| Abomination | -1 | |
| Frost Wyrm | 1 | |
| Gryphon Rider | 1 | |
116 total
» upgrades
| Creature Attack | 3 | |
| Creature Carapace | 2 | |
| Web | 1 | |
| Disease Cloud | 0 | |
| Unholy Strength | 0 | |
| Unholy Armor | 0 | |
| Freezing Breath | 1 | |
7 total
» buildings
| Altar of Darkness | 3 | |
| Crypt | 5 | |
| Ziggurat | 27 | |
| Graveyard | 4 | |
| Tomb of Relics | 1 | |
| Nerubian Tower | 9 | |
| Halls of the Dead | 3 | |
| Slaughterhouse | 1 | |
| Spirit Tower | 2 | |
| Necropolis | 7 | |
| Sacrificial Pit | 1 | |
| Black Citadel | 1 | |
| Boneyard | 2 | |
66 total
» build order
00:22 Altar of Darkness
00:27 Crypt
00:31 Ziggurat
00:54 Graveyard
01:06 Tomb of Relics
01:45 Ziggurat
02:17 Nerubian Tower
02:17 Nerubian Tower
03:26 Ziggurat
04:38 Ziggurat
05:18 Halls of the Dead
05:36 Ziggurat
08:10 Slaughterhouse
10:46 Spirit Tower
13:37 Necropolis
15:31 Ziggurat
18:47 Nerubian Tower
18:59 Ziggurat
19:36 Sacrificial Pit
20:09 Nerubian Tower
20:29 Black Citadel
25:15 Ziggurat
25:50 Ziggurat
25:53 Ziggurat
25:56 Ziggurat
26:53 Spirit Tower
28:20 Ziggurat
28:22 Ziggurat
28:23 Ziggurat
30:22 Nerubian Tower
30:24 Spirit Tower
30:32 Spirit Tower
32:01 Boneyard
32:11 Boneyard
47:33 Necropolis
48:25 Ziggurat
48:30 Ziggurat
49:16 Necropolis
49:39 Ziggurat
49:42 Ziggurat
51:28 Nerubian Tower
52:35 Halls of the Dead
53:01 Halls of the Dead
53:04 Ziggurat
53:20 Altar of Darkness
53:26 Crypt
53:31 Graveyard
54:17 Nerubian Tower
54:50 Graveyard
55:10 Ziggurat
55:16 Crypt
55:46 Necropolis
56:58 Nerubian Tower
60:17 Graveyard
60:22 Ziggurat
60:24 Ziggurat
60:26 Ziggurat
60:28 Ziggurat
60:30 Ziggurat
60:38 Crypt
60:42 Halls of the Dead
60:50 Altar of Darkness
61:26 Nerubian Tower
63:31 Ziggurat
64:00 Ziggurat
64:34 Necropolis
64:45 Crypt
67:35 Necropolis
68:10 Necropolis
» items
| Scroll of Town Portal | 8 | |
| Dust of Appearance | 1 | |
9 total

»
flollux (
green | 46 APM | 2730 actions | 58:42)
10 Tauren Chieftain
3 War Stomp
3 Endurance Aura
1 Reincarnation
3 Shockwave
» actions
| Assign group hotkey | 36 | |
| Build / train | 85 | |
| Enter build submenu | 28 | |
| Enter hero's abilities submenu | 10 | |
| Give item / drop item | 2 | |
| Right click | 1130 | |
| Select / deselect | 308 | |
| Select group hotkey | 1041 | |
| Use ability | 90 | |
2730 total
» units
| Peon | 10 | |
| Troll Headhunter/Berserker | 29 | |
| Shaman | 8 | |
| Troll Witch Doctor | 4 | |
| Ghoul | 2 | |
53 total
» upgrades
| Ranged Weapons | 3 | |
| Armor | 3 | |
| Troll Regeneration | 1 | |
| Shaman Training | 2 | |
| Berserker Upgrade | 1 | |
| Witch Doctor Training | 2 | |
12 total
» buildings
| Altar of Storms | 1 | |
| Orc Burrow | 6 | |
| Barracks | 2 | |
| War Mill | 1 | |
| Voodoo Lounge | 1 | |
| Stronghold | 1 | |
| Fortress | 1 | |
| Spirit Lodge | 4 | |
| Great Hall | 5 | |
| Watch Tower | 2 | |
| Ziggurat | 1 | |
| Altar of Darkness | 1 | |
| Graveyard | 2 | |
| Crypt | 1 | |
29 total
» build order
00:27 Altar of Storms
00:36 Orc Burrow
00:48 Barracks
01:33 War Mill
01:59 Orc Burrow
02:26 Voodoo Lounge
03:58 Stronghold
04:40 Orc Burrow
06:20 Fortress
06:26 Spirit Lodge
06:49 Spirit Lodge
07:54 Orc Burrow
10:42 Orc Burrow
11:42 Orc Burrow
14:36 Spirit Lodge
14:42 Spirit Lodge
17:53 Barracks
26:43 Great Hall
29:02 Great Hall
29:12 Great Hall
29:17 Watch Tower
32:18 Watch Tower
37:49 Great Hall
49:59 Great Hall
52:26 Ziggurat
53:28 Altar of Darkness
55:09 Graveyard
55:56 Crypt
56:28 Graveyard
» items
| Healing Salve | 2 | |
| Orb of Lightning | 1 | |
| Scroll of Town Portal | 4 | |
7 total
mo_0M (
pink | 160 APM | 6554 actions | 40:56)
7 Mountain King
3 Thunder Clap
2 Bash
1 Storm Bolt
1 Avatar
5 Paladin
2 Holy Light
1 Divine Shield
2 Devotion Aura
» actions
| Assign group hotkey | 50 | |
| Basic commands | 782 | |
| Build / train | 365 | |
| ESC pressed | 1 | |
| Enter build submenu | 41 | |
| Enter hero's abilities submenu | 13 | |
| Give item / drop item | 7 | |
| Remove unit from queue | 3 | |
| Right click | 1870 | |
| Select / deselect | 747 | |
| Select group hotkey | 2329 | |
| Use ability | 346 | |
6554 total
» units
| Peasant | 30 | |
| Footman | 10 | |
| Goblin Shredder | 2 | |
| Goblin Sapper | 5 | |
| Goblin Zeppelin | 5 | |
| Siege Engine | 19 | |
| Spell Breaker | 23 | |
94 total
» upgrades
| Masonry | 3 | |
| Plating | 3 | |
| Barrage | 1 | |
| Fragmentation Shards | 1 | |
| Lumber Harvesting | 1 | |
| Gunpowder | 3 | |
| Magic Sentry | 1 | |
| Control Magic | 1 | |
| Swords | 1 | |
15 total
» buildings
| Lumber Mill | 1 | |
| Altar of Kings | 1 | |
| Farm | 17 | |
| Barracks | 1 | |
| Arcane Vault | 2 | |
| Scout Tower | 16 | |
| Arcane Tower | 22 | |
| Town Hall | 2 | |
| Guard Tower | 24 | |
| Keep | 4 | |
| Blacksmith | 1 | |
| Castle | 4 | |
| Workshop | 4 | |
| Arcane Sanctum | 3 | |
| Cannon Tower | 4 | |
| Gryphon Aviary | 3 | |
109 total
» build order
00:21 Lumber Mill
00:38 Altar of Kings
00:50 Farm
00:50 Farm
01:38 Barracks
01:48 Arcane Vault
01:55 Farm
02:07 Scout Tower
02:24 Farm
02:34 Arcane Tower
03:50 Town Hall
03:52 Scout Tower
03:53 Scout Tower
03:55 Scout Tower
04:23 Arcane Tower
04:23 Arcane Tower
04:23 Arcane Tower
04:30 Guard Tower
04:30 Guard Tower
04:30 Guard Tower
04:36 Guard Tower
04:36 Guard Tower
04:37 Guard Tower
04:37 Guard Tower
05:29 Arcane Vault
05:30 Scout Tower
05:30 Scout Tower
05:32 Farm
05:36 Scout Tower
05:37 Scout Tower
05:39 Farm
05:40 Farm
06:58 Keep
06:59 Keep
06:59 Keep
07:31 Guard Tower
07:31 Guard Tower
07:32 Guard Tower
07:32 Guard Tower
07:32 Guard Tower
07:32 Guard Tower
07:36 Blacksmith
08:54 Scout Tower
08:55 Scout Tower
09:39 Arcane Tower
09:40 Castle
09:40 Castle
09:46 Workshop
09:57 Workshop
09:57 Workshop
10:00 Scout Tower
10:01 Scout Tower
10:30 Farm
10:31 Farm
10:31 Farm
10:33 Arcane Tower
10:33 Arcane Tower
10:33 Arcane Tower
10:33 Arcane Tower
10:46 Arcane Tower
10:46 Arcane Tower
10:46 Arcane Tower
10:51 Farm
10:51 Farm
11:06 Farm
11:06 Farm
11:07 Farm
12:37 Farm
12:38 Farm
13:12 Workshop
13:44 Arcane Sanctum
14:02 Scout Tower
14:33 Arcane Tower
16:48 Scout Tower
16:49 Scout Tower
17:23 Cannon Tower
17:23 Cannon Tower
17:24 Cannon Tower
20:12 Arcane Sanctum
20:13 Arcane Sanctum
20:19 Guard Tower
35:34 Gryphon Aviary
35:37 Gryphon Aviary
35:37 Gryphon Aviary
38:08 Town Hall
39:05 Scout Tower
» items
| Scroll of Regeneration | 18 | |
| Lesser Clarity Potion | 31 | |
| Boots of Speed | 6 | |
| Potion of Healing | 8 | |
| Scroll of Town Portal | 26 | |
| Potion of Mana | 29 | |
| Potion of Lesser Invulnerability | 1 | |
| Potion of Invisibility | 1 | |
| Staff of Sanctuary | 6 | |
| Orb of Fire | 1 | |
127 total
nightmadness (
orange | 34 APM | 1206 actions | 34:59)
6 Death Knight
3 Death Coil
1 Death Pact
1 Unholy Aura
1 Animate Dead
5 Lich
3 Frost Armor
2 Frost Nova
» actions
| Assign group hotkey | 30 | |
| Basic commands | 205 | |
| Build / train | 124 | |
| Enter build submenu | 27 | |
| Enter hero's abilities submenu | 11 | |
| Remove unit from queue | 2 | |
| Right click | 172 | |
| Select / deselect | 299 | |
| Select group hotkey | 240 | |
| Use ability | 96 | |
1206 total
» units
| Acolyte | 52 | |
| Ghoul | 17 | |
| Crypt Fiend | 7 | |
| Frost Wyrm | 9 | |
85 total
» upgrades
| Unholy Strength | 1 | |
| Web | 1 | |
| Burrow | 1 | |
| Unholy Armor | 1 | |
| Freezing Breath | 1 | |
| Creature Carapace | 1 | |
6 total
» buildings
| Ziggurat | 9 | |
| Altar of Darkness | 1 | |
| Crypt | 1 | |
| Graveyard | 1 | |
| Nerubian Tower | 3 | |
| Halls of the Dead | 1 | |
| Spirit Tower | 6 | |
| Tomb of Relics | 2 | |
| Black Citadel | 1 | |
| Sacrificial Pit | 1 | |
| Boneyard | 2 | |
| Necropolis | 3 | |
31 total
» build order
00:08 Ziggurat
00:12 Altar of Darkness
00:20 Crypt
00:54 Graveyard
01:02 Nerubian Tower
01:39 Ziggurat
02:48 Halls of the Dead
03:28 Spirit Tower
03:49 Tomb of Relics
04:51 Ziggurat
06:08 Black Citadel
07:52 Sacrificial Pit
08:10 Spirit Tower
08:44 Ziggurat
09:11 Boneyard
11:16 Necropolis
14:11 Ziggurat
14:26 Ziggurat
15:17 Necropolis
15:30 Spirit Tower
16:10 Nerubian Tower
19:29 Boneyard
19:33 Ziggurat
20:30 Nerubian Tower
23:29 Spirit Tower
26:44 Tomb of Relics
29:01 Ziggurat
29:04 Ziggurat
30:18 Necropolis
30:27 Spirit Tower
30:29 Spirit Tower
» items
| Scroll of Town Portal | 4 | |
| Dust of Appearance | 1 | |
| Rod of Necromancy | 1 | |
| Potion of Healing | 1 | |
7 total
team 2 (winner)
gangiskan (
purple | 29 APM | 1953 actions | 68:13)
10 Far Seer
3 Feral Spirit
3 Chain Lighting
1 Earth Quake
3 Far Sight
» actions
| Assign group hotkey | 48 | |
| Basic commands | 24 | |
| Build / train | 165 | |
| ESC pressed | 6 | |
| Enter build submenu | 42 | |
| Enter hero's abilities submenu | 10 | |
| Right click | 802 | |
| Select / deselect | 596 | |
| Select group hotkey | 93 | |
| Use ability | 167 | |
1953 total
» units
| Peon | 52 | |
| Raider | 28 | |
| Shaman | 23 | |
| Wind Rider | 17 | |
120 total
» upgrades
| Melee Weapons | 3 | |
| Armor | 2 | |
| Ranged Weapons | 3 | |
| Shaman Training | 2 | |
| Ensnare | 1 | |
| Envenomed Spears | 1 | |
12 total
» buildings
| War Mill | 2 | |
| Orc Burrow | 12 | |
| Altar of Storms | 1 | |
| Voodoo Lounge | 1 | |
| Stronghold | 2 | |
| Great Hall | 6 | |
| Fortress | 1 | |
| Beastiary | 2 | |
| Spirit Lodge | 1 | |
| Watch Tower | 15 | |
43 total
» build order
00:23 War Mill
00:27 Orc Burrow
00:38 Altar of Storms
01:20 Orc Burrow
02:02 Voodoo Lounge
03:22 Stronghold
03:28 Orc Burrow
03:56 Orc Burrow
04:30 Orc Burrow
05:36 Great Hall
06:11 Fortress
06:21 Beastiary
06:23 Beastiary
06:25 Spirit Lodge
07:35 Orc Burrow
15:26 Great Hall
15:58 Great Hall
27:11 Great Hall
41:57 Orc Burrow
41:59 Orc Burrow
42:03 Orc Burrow
42:05 Orc Burrow
44:35 Great Hall
45:08 Great Hall
47:49 Orc Burrow
48:53 Orc Burrow
49:38 War Mill
49:43 Stronghold
49:51 Watch Tower
50:51 Watch Tower
50:55 Watch Tower
50:58 Watch Tower
51:02 Watch Tower
51:41 Watch Tower
51:43 Watch Tower
51:49 Watch Tower
51:56 Watch Tower
52:17 Watch Tower
53:20 Watch Tower
54:29 Watch Tower
54:32 Watch Tower
54:38 Watch Tower
55:00 Watch Tower
» items
| Healing Salve | 4 | |
| Lesser Clarity Potion | 2 | |
| Scroll of Town Portal | 8 | |
| Scroll of Speed | 1 | |
| Orb of Lightning | 1 | |
| Potion of Healing | 1 | |
17 total

»
TeRRoRKaRoTTe (
teal | 57 APM | 3900 actions | 68:13)
9 Blademaster
3 Wind Walk
3 Critical Strike
1 Bladestorm
2 Mirror Image
» actions
| Assign group hotkey | 140 | |
| Basic commands | 12 | |
| Build / train | 136 | |
| Enter build submenu | 30 | |
| Enter hero's abilities submenu | 9 | |
| Give item / drop item | 8 | |
| Remove unit from queue | 13 | |
| Right click | 1048 | |
| Select / deselect | 728 | |
| Select group hotkey | 1574 | |
| Use ability | 202 | |
3900 total
» units
| Peon | 16 | |
| Troll Witch Doctor | 12 | |
| Shaman | 12 | |
| Tauren | 15 | |
| Spirit Walker | 2 | |
| Troll Batrider | 6 | |
| Wind Rider | 11 | |
74 total
» upgrades
| Spiked Barricades | 1 | |
| Witch Doctor Training | 2 | |
| Shaman Training | 2 | |
| Pulverize | 1 | |
| Melee Weapons | 2 | |
| Armor | 2 | |
| Spirit Walker Training | 2 | |
| Liquid Fire | 1 | |
| Ranged Weapons | 3 | |
| Envenomed Spears | 1 | |
17 total
» buildings
| Orc Burrow | 8 | |
| Altar of Storms | 1 | |
| Voodoo Lounge | 1 | |
| War Mill | 1 | |
| Barracks | 1 | |
| Watch Tower | 4 | |
| Great Hall | 6 | |
| Stronghold | 1 | |
| Fortress | 1 | |
| Spirit Lodge | 2 | |
| Beastiary | 2 | |
| Tauren Totem | 1 | |
29 total
» build order
00:08 Orc Burrow
00:10 Altar of Storms
01:06 Voodoo Lounge
01:21 War Mill
01:42 Orc Burrow
02:08 Barracks
03:13 Watch Tower
03:19 Watch Tower
04:02 Great Hall
04:16 Watch Tower
04:24 Orc Burrow
05:02 Stronghold
05:26 Watch Tower
08:06 Fortress
08:10 Spirit Lodge
08:12 Spirit Lodge
09:05 Beastiary
09:13 Orc Burrow
09:17 Orc Burrow
10:29 Tauren Totem
11:36 Orc Burrow
14:31 Great Hall
20:05 Orc Burrow
21:19 Orc Burrow
41:47 Great Hall
41:59 Great Hall
45:35 Great Hall
48:33 Beastiary
67:00 Great Hall
» items
| Healing Salve | 3 | |
| Lesser Clarity Potion | 4 | |
| Boots of Speed | 1 | |
| Potion of Greater Mana | 1 | |
| Potion of Healing | 2 | |
| Orb of Lightning | 1 | |
| Slippers of Agility +3 | 1 | |
| Scroll of Town Portal | 5 | |
| Potion of Lesser Invulnerability | 1 | |
19 total

»
blacksidi (
yellow | 45 APM | 2446 actions | 53:58)
6 Death Knight
3 Death Coil
2 Unholy Aura
1 Animate Dead
4 Lich
2 Frost Nova
2 Frost Armor
» actions
| Assign group hotkey | 66 | |
| Basic commands | 2 | |
| Build / train | 101 | |
| ESC pressed | 1 | |
| Enter build submenu | 42 | |
| Enter hero's abilities submenu | 10 | |
| Give item / drop item | 3 | |
| Remove unit from queue | 4 | |
| Right click | 699 | |
| Select / deselect | 689 | |
| Select group hotkey | 738 | |
| Use ability | 89 | |
2446 total
» units
| Acolyte | 15 | |
| Ghoul | 8 | |
| Crypt Fiend | 22 | |
| Frost Wyrm | 10 | |
55 total
» upgrades
| Creature Attack | 3 | |
| Creature Carapace | 2 | |
| Web | 1 | |
| Freezing Breath | 1 | |
7 total
» buildings
| Altar of Darkness | 2 | |
| Crypt | 1 | |
| Ziggurat | 17 | |
| Graveyard | 2 | |
| Halls of the Dead | 2 | |
| Spirit Tower | 6 | |
| Tomb of Relics | 2 | |
| Sacrificial Pit | 1 | |
| Nerubian Tower | 4 | |
| Black Citadel | 1 | |
| Boneyard | 2 | |
| Necropolis | 2 | |
42 total
» build order
00:13 Altar of Darkness
00:16 Crypt
00:35 Ziggurat
01:04 Ziggurat
01:43 Graveyard
02:25 Ziggurat
03:43 Halls of the Dead
04:58 Ziggurat
08:11 Spirit Tower
08:21 Ziggurat
09:36 Tomb of Relics
09:42 Ziggurat
09:45 Ziggurat
09:48 Ziggurat
09:57 Sacrificial Pit
10:40 Spirit Tower
10:43 Nerubian Tower
10:45 Spirit Tower
10:45 Spirit Tower
10:49 Nerubian Tower
11:47 Black Citadel
14:13 Boneyard
14:16 Boneyard
20:00 Necropolis
20:23 Ziggurat
20:28 Ziggurat
20:45 Graveyard
20:51 Nerubian Tower
20:55 Ziggurat
21:04 Tomb of Relics
22:45 Altar of Darkness
24:55 Ziggurat
24:58 Ziggurat
25:45 Halls of the Dead
25:48 Spirit Tower
25:50 Nerubian Tower
25:52 Spirit Tower
31:05 Ziggurat
37:48 Ziggurat
37:51 Ziggurat
37:54 Ziggurat
38:14 Necropolis
» items
| Potion of Healing | 5 | |
| Scroll of Town Portal | 2 | |
| Potion of Mana | 1 | |
8 total
CATALYST-ENZIME (
blue | 53 APM | 3607 actions | 68:15)
10 Blood Mage
3 Flame Strike
3 Siphon Mana
1 Summon Phoenix
3 Banish
» actions
| Assign group hotkey | 126 | |
| Basic commands | 113 | |
| Build / train | 80 | |
| Enter build submenu | 23 | |
| Enter hero's abilities submenu | 10 | |
| Give item / drop item | 3 | |
| Right click | 1313 | |
| Select / deselect | 467 | |
| Select group hotkey | 1221 | |
| Use ability | 251 | |
3607 total
» units
| Peasant | 12 | |
| Giant Sea Turtle | 1 | |
| Sorceress | 14 | |
27 total
» upgrades
| Lumber Harvesting | 1 | |
| Sorceress Training | 2 | |
| Masonry | 3 | |
| Magic Sentry | 1 | |
7 total
» buildings
| Altar of Kings | 3 | |
| Farm | 9 | |
| Scout Tower | 8 | |
| Arcane Tower | 1 | |
| Arcane Vault | 2 | |
| Keep | 2 | |
| Lumber Mill | 2 | |
| Arcane Sanctum | 2 | |
| Castle | 1 | |
| Guard Tower | 5 | |
| Blacksmith | 1 | |
| Town Hall | 1 | |
37 total
» build order
00:09 Altar of Kings
00:22 Farm
00:52 Scout Tower
01:23 Farm
01:25 Arcane Tower
01:43 Arcane Vault
02:37 Keep
03:38 Farm
03:42 Lumber Mill
05:13 Arcane Sanctum
05:16 Arcane Sanctum
05:29 Farm
05:31 Farm
05:33 Farm
06:55 Castle
07:46 Scout Tower
07:47 Scout Tower
08:38 Guard Tower
08:39 Guard Tower
09:37 Scout Tower
09:37 Scout Tower
09:38 Scout Tower
10:33 Guard Tower
12:22 Guard Tower
13:02 Scout Tower
13:02 Scout Tower
14:46 Guard Tower
17:25 Blacksmith
22:44 Arcane Vault
42:26 Town Hall
42:36 Lumber Mill
43:08 Keep
43:14 Farm
43:14 Farm
43:15 Farm
44:26 Altar of Kings
46:35 Altar of Kings
» items
| Scroll of Regeneration | 4 | |
| Potion of Mana | 4 | |
| Staff of Teleportation | 2 | |
| Healing Salve | 2 | |
| Potion of Invisibility | 3 | |
| Potion of Lesser Invulnerability | 2 | |
| Scroll of Town Portal | 3 | |
| Lesser Clarity Potion | 3 | |
| Potion of Healing | 2 | |
| Boots of Speed | 1 | |
26 total
Chat log
(00:43 / Allies) CATALYST-ENZIME: from?
(00:53 / Allies) TeRRoRKaRoTTe: ger
(02:08 / Allies) blacksidi: rush?
(07:12 / Allies) gangiskan: take exe
(07:13 / Allies) gangiskan: nob
(07:59 / Allies) gangiskan: repair
(08:26 / Allies) gangiskan: epic nobb team
(08:52 / Allies) gangiskan: take exe
(08:55 / Allies) gangiskan: FUKING NOBB HUMAN BLUE
(09:54 / Allies) gangiskan: fuking nobb player
(09:59 / Allies) gangiskan: 2 wixar
(10:00 / Allies) gangiskan: wtf
(12:14 / All) CATALYST-ENZIME: u faggots are hacking
(14:42 / Allies) gangiskan: wtf
(14:43 / Allies) gangiskan: nobb player
(14:49 / Allies) gangiskan: stop wizar
(14:51 / Allies) gangiskan: fuking mongol
(14:55 / Allies) CATALYST-ENZIME: lol
(14:58 / Allies) CATALYST-ENZIME: ive done more than u all game
(14:59 / Allies) CATALYST-ENZIME: nigger
(15:29 / Allies) gangiskan: tnx for, lose
(15:31 / Allies) gangiskan: blue palyer
(15:32 / Allies) gangiskan: 3 vs 4
(15:33 / Allies) gangiskan: mee exit
(17:39 / Allies) TeRRoRKaRoTTe: gold pls
(18:18 / Allies) gangiskan: fuking nob is blue
(18:20 / Allies) gangiskan: no play
(18:22 / Allies) gangiskan: retard mental player
(18:27 / Allies) CATALYST-ENZIME: lol
(18:29 / Allies) TeRRoRKaRoTTe: pls
(18:37 / Allies) gangiskan: tnx for lose
(18:38 / Allies) gangiskan: retard bluee
(19:02 / Allies) gangiskan: tpp teal
(19:18 / Allies) gangiskan: lose for blue
(19:19 / Allies) gangiskan: me say
(19:21 / Allies) gangiskan: epicc nobb
(19:22 / Allies) gangiskan: palyer
(19:38 / Allies) gangiskan: wtff
(19:39 / Allies) gangiskan: NOBB PLAYERR
(19:41 / Allies) blacksidi: ty
(20:10 / Allies) gangiskan: ??
(21:44 / Allies) gangiskan: TNX FOR LOSE
(21:47 / Allies) gangiskan: BLUE `PLAYER
(21:50 / Allies) gangiskan: ME TK FOR BLUE
(21:52 / Allies) gangiskan: FUKING MONGOL
(25:55 / Allies) gangiskan: LOSE FOR FUKING BLUE
(25:59 / Allies) gangiskan: IS PLAYER RETARD
(26:00 / Allies) CATALYST-ENZIME: lol
(26:04 / Allies) gangiskan: LOL
(26:05 / Allies) gangiskan: LOL
(26:08 / Allies) gangiskan: YOU ARE RETARD MENTAL
(27:24 / Allies) gangiskan: BAKK WYRM
(27:26 / Allies) gangiskan: BAK WYRM
(27:27 / Allies) gangiskan: BAKK WYRM
(27:28 / Allies) TeRRoRKaRoTTe: back yellow
(27:28 / Allies) gangiskan: FUKING NOB
(27:49 / Allies) TeRRoRKaRoTTe: omg go back
(27:53 / All) gangiskan: BLUEE
(27:54 / All) gangiskan: FUKING YOU
(27:59 / All) gangiskan: AND FUKING YOUR FUKING FAMILI
(28:01 / All) CATALYST-ENZIME: ask them
(28:01 / All) gangiskan: AND GO DIE CANCERLL
(28:04 / All) gangiskan: GOO DIEE CANCER
(28:05 / All) CATALYST-ENZIME: who the best player on our team is
(28:07 / All) gangiskan: YOU ALL FAMILI
(28:08 / All) CATALYST-ENZIME: red and oj will say me
(28:10 / All) gangiskan: FUKINGGGG RETARD
(28:11 / All) gangiskan: MENTALLL
(28:14 / All) gangiskan: GOO DIE CANCER
(28:15 / All) gangiskan: BLUE
(28:17 / All) gangiskan: RETARD MENTAL PERSON
(28:23 / All) mo_0M: U A RE NOOB BLUE
(28:27 / Allies) TeRRoRKaRoTTe: back with wyrmsa
(28:53 / Allies) blacksidi: ty
(29:04 / Allies) gangiskan: USEE
(29:05 / Allies) gangiskan: WYRM
(29:07 / Allies) gangiskan: FOR EXE ORANGE
(29:08 / Allies) gangiskan: WT
(29:17 / Allies) gangiskan: USE WUYRM,
(29:19 / Allies) gangiskan: MEBN
(29:32 / Allies) gangiskan: MAIN MAIN
(29:33 / Allies) gangiskan: BAK
(29:33 / Allies) gangiskan: BAK
(29:34 / Allies) gangiskan: BAK
(29:34 / Allies) gangiskan: KAB
(29:39 / Allies) gangiskan: GOGOO MANI
(29:39 / Allies) gangiskan: AND RED
(29:49 / Allies) gangiskan: GOOOD
(30:02 / Allies) gangiskan: BAKK WYRMM
(30:02 / Allies) gangiskan: MEN
(30:03 / Allies) gangiskan: BAKK UNITS
(30:30 / Allies) TeRRoRKaRoTTe: gold pls
(31:05 / Allies) gangiskan: GO TEAL
(31:21 / Allies) gangiskan: ME GO
(31:54 / All) gangiskan: EPIC NOBB
(31:55 / All) gangiskan: PINK
(31:57 / All) gangiskan: WTF
(32:14 / All) gangiskan: EXIT
(32:15 / All) gangiskan: EPICC NOBS
(32:40 / All) gangiskan: BYEEE
(32:41 / All) gangiskan: FUKING PINK
(32:42 / All) gangiskan: NOBBBB
(33:05 / All) gangiskan: PINK RETARD NOBB
(34:49 / Allies) TeRRoRKaRoTTe: blue sen dme gold pls
(35:03 / All) gangiskan: RETARD NOBS
(35:03 / All) gangiskan: BYEE
(35:06 / Allies) TeRRoRKaRoTTe: gold 200 pls
(35:21 / All) gangiskan: 3 VS 4 AND WIN
(35:36 / All) CATALYST-ENZIME: 3v4 lol
(35:41 / All) CATALYST-ENZIME: i killed like 200 workers
(35:41 / All) gangiskan: YOU NO PLAY BLUE
(36:30 / Allies) TeRRoRKaRoTTe: blue send me gold pls you dont need it
(36:34 / Allies) CATALYST-ENZIME: oh yes purple just feed them
(37:03 / Allies) TeRRoRKaRoTTe: omfg send me gold for tp
(37:59 / All) gangiskan: GOO KILL NOBS
(39:05 / All) gangiskan: EXIT
(39:07 / All) gangiskan: FUKING NOBS
(39:43 / Allies) CATALYST-ENZIME: gj yellow lose everything
(39:53 / All) gangiskan: EXIT
(39:55 / All) gangiskan: PINK FUKING NOBB
(40:38 / All) gangiskan: BYE MK
(40:43 / All) gangiskan: RETARD
(40:43 / All) gangiskan: NOBB
(40:53 / All) mo_0M: U WISH KID..
(40:54 / All) mo_0M: GG
(40:56 / All) gangiskan: FUKING NOB
(40:58 / All) gangiskan: GOO EXIT
(42:21 / All) CATALYST-ENZIME: red did i frustrate you any?
(43:18 / All) gangiskan: RETARD RED
(43:22 / All) gangiskan: AND GREN OTHER
(46:02 / Allies) blacksidi: 100 gold pls
(46:14 / Allies) blacksidi: ty
(46:42 / Allies) gangiskan: BATS MORE
(46:43 / Allies) gangiskan: TEAL
(46:45 / Allies) gangiskan: FOR WYRM RED
(47:09 / All) gangiskan: EXIT RETARD
(48:12 / Allies) gangiskan: ME GIVE GOL YOU TEAL
(48:13 / Allies) gangiskan: GO UNITS
(48:43 / All) gangiskan: EXIT...
(48:45 / All) gangiskan: WTF NOBS
(48:50 / Allies) CATALYST-ENZIME: this may be the worst communicated team game ive played in 4v4 yet
(49:13 / Allies) TeRRoRKaRoTTe: stfu blue what you do all the game????? no units
(49:20 / All) gangiskan: BLUE IS RETAR MENTAL
(50:05 / All) gangiskan: LOLL RETARD PERSON RED
(50:10 / All) gangiskan: LOLL BLUE
(50:25 / All) gangiskan: FUKING RETARD KID
(50:43 / Allies) gangiskan: STOP
(50:44 / Allies) gangiskan: RETARD
(50:45 / Allies) gangiskan: O LOSEE
(50:47 / Allies) gangiskan: FUKING MONGOLIC
(50:49 / All) CATALYST-ENZIME: apologize
(51:04 / Allies) gangiskan: STOP O LOSE
(51:06 / Allies) gangiskan: MEN
(51:14 / Allies) gangiskan: TEAL
(51:16 / Allies) gangiskan: KILL FUKING BLUEE
(51:17 / Allies) gangiskan: NOWW
(51:26 / Allies) gangiskan: GOO DIE FOR CANCER
(51:29 / Allies) gangiskan: YOU AND YOUR FUKING FAMILI
(51:31 / Allies) gangiskan: PLAYER BLUE
(51:34 / Allies) gangiskan: FUKING RETARD MENTAL KID
(52:05 / Allies) gangiskan: LOSE FOR RETARD BLUE
(52:07 / Allies) TeRRoRKaRoTTe: omg blue
(52:10 / Allies) gangiskan: NO PLAY
(52:12 / All) CATALYST-ENZIME: apologize
(52:13 / Allies) gangiskan: ISS GOOD
(52:34 / Allies) gangiskan: WTF PLAYER
(52:35 / Allies) gangiskan: BLUE
(52:38 / Allies) gangiskan: PAY ONE FRIEND
(52:42 / Allies) gangiskan: ANDD GO DIE FOR FUKING CABNCER
(52:44 / All) CATALYST-ENZIME: that isant an apology
(52:46 / Allies) gangiskan: YOU NO FUK REALY?
(53:06 / Allies) gangiskan: 1 HOUR PLAY
(53:07 / Allies) gangiskan: AND BLUE
(53:11 / Allies) gangiskan: DESTROY PARTY
(53:13 / Allies) gangiskan: ISS GOOD
(53:16 / Allies) gangiskan: KILL FUKING HEROE BLUE
(53:17 / Allies) gangiskan: O LOSE
(53:24 / Allies) TeRRoRKaRoTTe: i always tk him now
(53:30 / Allies) TeRRoRKaRoTTe: when he is in my team
(53:38 / Allies) gangiskan: REALU BLUE
(53:42 / Allies) gangiskan: GO DIE FOR CANCER
(53:43 / Allies) gangiskan: BITCH
(53:52 / All) CATALYST-ENZIME: wow faggots im tking
(53:53 / All) TeRRoRKaRoTTe: y kill blue fucking noob
(53:55 / Allies) gangiskan: IS WIN
(54:00 / Allies) gangiskan: ANDD BLUEEE DESTROY PARTY
(54:02 / Allies) gangiskan: ISS GOOD
(54:10 / All) gangiskan: BLUE NO PLAY
(54:12 / All) gangiskan: AND GO TK
(54:13 / All) gangiskan: EPICC
(54:15 / All) gangiskan: RETARD MENTAL PERSON
(54:22 / All) gangiskan: GOOD PROBLEMNS MENTALS
(55:50 / All) gangiskan: GIOOO DIE FOR CANCER PLAYER BLUE
(55:52 / All) CATALYST-ENZIME: god ur an idiot red
(56:20 / All) gangiskan: WTFF MONGOLIC PERSON
(57:35 / All) gangiskan: G
(58:08 / All) gangiskan: PUFFF
(58:29 / All) gangiskan: GO GO
(58:50 / All) gangiskan: 5 VS 3
(58:53 / All) gangiskan: BLUEE IS ENEMY
(58:55 / All) tomatenkiller: HAHHAHAHA
(58:56 / All) gangiskan: WTFF RETARD PERSON PLAYER
(59:00 / All) CATALYST-ENZIME: red ur an idiot
(59:02 / All) CATALYST-ENZIME: i wa shelping u
(59:07 / All) gangiskan: BLUEE
(59:09 / All) gangiskan: GOO DIE FOR CANCER
(59:10 / All) CATALYST-ENZIME: red stfu u were the worst on ur team
(59:12 / All) gangiskan: YOU AND YOUR FUKING MOMM
(59:16 / All) gangiskan: MENN MONGOLIC
(59:17 / All) tomatenkiller: lol
(59:22 / All) gangiskan: THE BEST RETARD MENTAL OF THE WORLD
(59:23 / All) CATALYST-ENZIME: i was tking my team idiot
(59:26 / All) CATALYST-ENZIME: why did u hit my base
(59:28 / All) gangiskan: LOLL RED
(59:41 / All) tomatenkiller: i wasn t it XD
(59:46 / All) gangiskan: EXITT RED
(60:08 / All) gangiskan: BLUE PLAYER IS THE BEST RETARD MENTAL
(60:09 / All) gangiskan: PERSON
(60:12 / All) gangiskan: OF THW FUKING WORLD
(60:14 / All) gangiskan: GOO SCHOOL
(60:17 / All) gangiskan: AND GO FUK GIRLS
(60:18 / All) gangiskan: RETARD MENTAL
(60:20 / All) CATALYST-ENZIME: lol
(60:24 / All) CATALYST-ENZIME: america #1
(60:29 / All) gangiskan: BIG PROBLEM MENTAL YOU
(60:56 / All) gangiskan: AMERICA =BIGG PROBLEM MENTAL PEOPLE
(61:00 / All) gangiskan: RETARD ALL AMERICANS
(61:40 / All) gangiskan: RED
(61:41 / All) gangiskan: EXIT...
(61:45 / All) tomatenkiller: lkol
(61:50 / All) tomatenkiller: i want to suck you
(61:54 / All) gangiskan: EXIT
(61:56 / All) gangiskan: FUKING RETARD PERSON
(62:01 / All) tomatenkiller: i have time XD
(62:09 / All) gangiskan: YOU ARE OTHER RETARD MENTAL
(62:13 / All) gangiskan: BROTHER BLUE?
(63:22 / All) gangiskan: EPIC RETARD PEOPLE PLAY WC...
(63:32 / All) gangiskan: KIDS RETARDS 99%
(63:52 / All) tomatenkiller: XD
(64:21 / All) gangiskan: BLUE AND RED EPICC KIDS RETARDS
(64:23 / All) gangiskan: AGES¿
(64:26 / All) gangiskan: 10¿
(65:16 / All) tomatenkiller: i can build every where
(65:21 / All) tomatenkiller: da dum da dum da dum
(65:25 / All) gangiskan: is funny¿
(65:27 / All) tomatenkiller: didididid dadadada
(65:55 / All) tomatenkiller: if i suck you and you know it clap your hands
(66:03 / All) CATALYST-ENZIME: clap purple
(66:32 / All) tomatenkiller: if i suck you and you know and you want to show it clap your hands
(66:48 / All) tomatenkiller: HAHAHAHAHAHA
(66:49 / All) TeRRoRKaRoTTe: halts maul und leave endlich mal du naab
(67:11 / All) CATALYST-ENZIME: this game was priceless just cuz of purple raging